 Dungeon Crawl Stone Soup version 0.30.1-11-g7821555f0a (webtiles) character file.

Game seed: 2862153510396439106

84 SacredBeard the Grave Robber (level 4, 0/32 HPs)
             Began as a Demonspawn Necromancer on Nov 18, 2023.
             Slain by a gnoll
             ... wielding a +0 whip
              (5 damage)
             ... on level 3 of the Dungeon.
             The game lasted 00:04:10 (1731 turns).

SacredBeard the Grave Robber (DsNe)                 Turns: 1731, Time: 00:04:11

Health: 0/32       AC:  2    Str:  9    XL:     4   Next: 24%
Magic:  0/7        EV: 14    Int: 16    God:
Gold:   132        SH:  0    Dex: 15    Spells: 6/7 levels left

rFire   . . .        g - +0 short sword
rCold   . . .        (no shield)
rNeg    . . .        a - +0 robe
rPois   .            (helmet restricted)
rElec   .            (no cloak)
rCorr   .            (no gloves)
SInv    .            (no boots)
Will    .....        (no amulet)
Stlth   ++           (no ring)
HPRegen 0.25/turn    (no ring)
MPRegen 0.10/turn

%: no passive effects
@: no status effects
A: antennae 1, repulsion field 1
a: no special abilities


You were on level 3 of the Dungeon.
You visited 1 branch of the dungeon, and saw 3 of its levels.

You collected 132 gold pieces.

Inventory:

Hand Weapons
 g - a +0 short sword (weapon)
 p - a +0 falchion
Missiles
 j - 3 boomerangs
 k - 17 stones
Armour
 a - a +0 robe (worn)
Wands
 n - a wand of digging (4)
Scrolls
 c - 4 scrolls of identify {unknown}
 d - a scroll of butterflies {unknown}
 f - 3 scrolls of fear {unknown}
 h - a scroll of fog {unknown}
 i - a scroll of blinking {unknown}
 m - a scroll of enchant armour {unknown}
Potions
 b - 3 potions of magic
 e - 2 potions of haste {unknown}
 l - 2 potions of mutation {unknown}
 o - a potion of flight {unknown}
 q - a potion of curing {unknown}
 r - a potion of cancellation {unknown}
 s - a potion of resistance {unknown}


   Skills:
 + Level 1.3 Fighting
 + Level 0.6 Throwing
 + Level 1.2 Armour
 - Level 2.0 Dodging
 + Level 2.3 Stealth
 - Level 2.0 Spellcasting
 * Level 5.1 Necromancy
 + Level 0.4 Evocations


You had 6 spell levels left.
You knew the following spells:

 Your Spells              Type           Power      Damage    Failure   Level
a - Necrotise             Necr           68%        1d7       2%          1

Your spell library contained the following spells:

 Spells                   Type           Power      Damage    Failure   Level
 Vampiric Draining        Necr           17%        2d7       8%          3
 Shock                    Conj/Air       4%         1d3       21%         1
 Animate Dead             Necr           17%        N/A       26%         4
 Ozocubu's Armour         Ice            1%         N/A       52%         3
 Swiftness                Air            1%         N/A       52%         3
 Agony                    Necr           17%        N/A       56%         5
 Airstrike                Air            0%         2d(1-17)  90%         4
 Summon Forest            Summ/Tloc      0%         N/A       99%         5
 Summon Mana Viper        Hex/Summ       1%         N/A       99%         5
 Simulacrum               Ice/Necr       4%         N/A       100%        6
 Summon Cactus Giant      Summ           0%         N/A       100%        6
 Ozocubu's Refrigeration  Ice            0%         4d7       100%        7
 Polar Vortex             Ice            0%         N/A       100%        9


Dungeon Overview and Level Annotations

Branches:
Dungeon (3/15) Zot: 16268

Altars:


Innate Abilities, Weirdness & Mutations

You have a pair of small antennae on your head.
You are surrounded by a mild repulsion field. (EV +2)


Message History

You kill the gnoll!
The dead are walking!
The gnoll writhes in agony.
You are out of magic!
You are out of magic!
You are out of magic!
You are out of magic!
You closely miss the gnoll.
The gnoll is heavily wounded.
Your rat skeleton bites the gnoll but does no damage.
The gnoll closely misses you.
Your magical contamination has completely faded away.
You hit the gnoll.
The gnoll is severely wounded.
Your rat skeleton bites the gnoll.
Your gnoll skeleton hits the gnoll but does no damage.
The gnoll hits your rat skeleton with a +0 whip.
The gnoll hits you from afar with a +0 halberd.
You closely miss the gnoll.
The gnoll is severely wounded.
Your rat skeleton closely misses the gnoll.
Your gnoll skeleton closely misses the gnoll.
The gnoll hits you from afar with a +0 halberd!
You are too injured to fight recklessly!
Unknown command.
Casting: Necrotise (safe; 2% risk of failure)
Confirm with . or Enter, or press ? or * to list all spells.
Aiming: Necrotise (safe; 2% risk of failure)
Press: ? - help, Shift-Dir - straight line, f/p - gnoll
Aim: a gnoll, wielding a +0 whip (severely wounded, ally target, chance to affect: 81%)
The gnoll writhes in agony.
The gnoll hits you with a +0 whip. The gnoll barely misses you.
You barely miss the gnoll.
The gnoll is almost dead.
The gnoll hits you from afar with a +0 halberd.
The gnoll hits you with a +0 whip!
* * * LOW HITPOINT WARNING * * *
Your rat skeleton barely misses the gnoll.
The gnoll hits you with a +0 whip.
You die...

.#####
#.#...........# #.#
....#.....# #.#
#.....#...#
##.#....#......#
..#.#.....#...#
#.#...#... ...#
#.###.#.####?.#
#..........@gg####.#
#.###.#.####ZZ.....#
#.# #.#.# #..######
#.# #.#.# #..#
##.###.#.# #..#
#..<##.#.# #..#
#..###.#.# #..# #..#
#(#.# #..# #### ....


You could see 2 gnolls, a friendly rat skeleton and a friendly gnoll skeleton.

Vanquished Creatures
  Jessica (D:2)
  A gnoll (D:3)
  An adder (D:2)
  2 worms (D:2)
  2 ball pythons (D:2)
  4 bats
  An endoplasm (D:1)
  3 giant cockroaches
  A goblin (D:1)
  3 hobgoblins (D:1)
  3 jackals (D:2)
  4 kobolds
  A frilled lizard (D:1)
  4 rats
31 creatures vanquished.

Vanquished Creatures (collateral kills)
  A quokka (D:1)
  A rat (D:1)
2 creatures vanquished.

Grand Total: 33 creatures vanquished

Notes
Turn   | Place    | Note
-------+----------+-------------------------------------------
     0 | D:1      | SacredBeard the Demonspawn Necromancer began the quest for
                  | the Orb.
     0 | D:1      | Reached XP level 1. HP: 13/13 MP: 3/3
   233 | D:1      | Gained mutation: You are surrounded by a mild repulsion
                  | field. (EV +2) [demonic ancestry]
   233 | D:1      | Reached XP level 2. HP: 20/20 MP: 1/5
  1080 | D:2      | Noticed Jessica
  1086 | D:2      | Killed Jessica
  1087 | D:2      | Reached skill level 1 in Fighting
  1087 | D:2      | Reached skill level 1 in Armour
  1087 | D:2      | Gained mutation: You have a pair of small antennae on your
                  | head. [demonic ancestry]
  1087 | D:2      | Reached XP level 3. HP: 26/26 MP: 3/6
  1211 | D:2      | Reached skill level 5 in Necromancy
  1446 | D:2      | Reached XP level 4. HP: 32/32 MP: 2/7
  1731 | D:3      | Slain by a gnoll

Illustrated notes

Levels and vault maps discovered:
D:1:      spicycebolla_arrival_ecumenical, layout_basic, minmay_tromino_v7
D:2:      layout_rooms, uniq_jessica
D:3:      layout_basic, minmay_misc_feat_five, minmay_snake_closets,
          uniq_crazy_yiuf_cottage, uniq_sigmund, uniq_grinder

Skill      XL: |  1  2  3 |
---------------+----------+-----
Stealth        | 2 |  2.3
Dodging        | 2 |  2.0
Fighting       | 1 |  1.3
Armour         | 1 |  1.2
Necromancy     | 5 |  5.1
Throwing       | |  0.6
Spellcasting   | |  2.0
Evocations     | |  0.4

Action                     |  1- 3 |  4- 6 || total
---------------------------+-------+-------++-------
  Melee: Short sword       |     2 |     4 ||     6
  Throw: Boomerang         |     4 |       ||     4
   Cast: Necrotise         |    49 |    14 ||    63
 Armour: Robe              |     1 |     1 ||     2
  Dodge: Dodged            |     6 |     7 ||    13
